 Dungeon Crawl Stone Soup version 0.18.1-6-gd335043 (webtiles) character file.

1332 epen the Ducker (level 8, 0/70 HPs)
             Began as a Black Draconian Chaos Knight on May 15, 2016.
             Killed by divine providence
             ... invoked by an orc priest
              (13 damage)
             ... on level 6 of the Dungeon.
             The game lasted 00:13:32 (5257 turns).

epen the Ducker (Black Draconian Chaos Knight)      Turns: 5257, Time: 00:13:35

Health: 0/70       AC:  7    Str: 19    XL:     8   Next: 34%
Magic:  8/8        EV: 15    Int: 12    God:    Xom [.*....]
Gold:   326        SH:  0    Dex: 14    Spells: 0 memorised, 7 levels left

rFire  . . .     SeeInvis +     a - +1 short sword (chaos)
rCold  . . .     Gourm    .     (armour unavailable)
rNeg   . . .     Faith    .     (no shield)
rPois  .         Spirit   .     (helmet unavailable)
rElec  +         Dismiss  .     (no cloak)
rCorr  .         Reflect  .     k - +0 pair of gloves
SustAt .         Harm     .     (no boots)
MR     .....                    (no amulet)
Stlth  ++........               u - ring of flight
                                p - +3 ring of strength

@: flying, not resistant to hostile enchantments, unstealthy
A: breathe lightning, unfitting armour, antennae 3, big wings, hooves 2, stinger
1, see invisible, agile 1, regeneration 1, electricity resistance, evolution 1,
cold-blooded, AC +6
a: Breathe Lightning, Stop Flying, Renounce Religion


You were on level 6 of the Dungeon.
You worshipped Xom.
You were a plaything of Xom.
You were hungry.

You visited 1 branch of the dungeon, and saw 6 of its levels.
You also visited: Sewer.

You collected 326 gold pieces.

Inventory:

Hand Weapons
 a - a +1 short sword of chaos (weapon)
Armour
 k - a +0 pair of gloves (worn)
Jewellery
 p - a +3 ring of strength (left hand)
 q - an uncursed ring of sustain attributes
 r - an uncursed ring of protection from fire {unknown}
 u - a ring of flight (right hand)
 B - a cursed amulet of inaccuracy {unknown}
Wands
 v - a wand of acid (6/15)
 y - a wand of polymorph (19/24)
 C - a wand of iceblast (8/15)
Scrolls
 c - 6 scrolls of identify
 d - 5 scrolls of remove curse
 i - 2 scrolls of blinking
 l - a scroll of recharging
 s - a scroll of noise
Potions
 e - 4 potions of might
 f - 6 potions of curing
 g - a potion of agility
 h - a potion of magic {unknown}
 j - a potion of mutation {unknown}
 o - a potion of ambrosia
 t - a potion of brilliance
 z - 2 potions of flight {unknown}
 A - a potion of heal wounds
Comestibles
 b - 5 bread rations
 m - a beef jerky
 n - a meat ration
 w - a fruit


   Skills:
 + Level 5.7 Fighting
 + Level 5.6 Short Blades
 + Level 6.4 Dodging
 + Level 4.0 Stealth


You had 7 spell levels left.
You didn't know any spells.

Dungeon Overview and Level Annotations

Branches:
Dungeon (6/15)             Temple (0/1) D:5

Altars:
Elyvilon
Gozag
Makhleb
Pakellas
Xom
Zin
The Shining One


Innate Abilities, Weirdness & Mutations

You can breathe wild blasts of lightning.
Your glossy black scales are hard (AC +6).
Your body does not fit into most forms of armour.
You are resistant to electric shocks.
You are cold-blooded and may be slowed by cold attacks.
You have a pair of large antennae on your head (SInv).
Your large and strong wings let you fly indefinitely.
You have hoof-like feet.
Your tail ends in a poisonous barb.
You have supernaturally acute eyesight.
You are agile. (Dex +2)
Your natural rate of healing is unusually fast.
You evolve.


Message History

Beogh smites you!
* * * LOW HITPOINT WARNING * * *
The orc wizard barely misses you.
You are too injured to fight recklessly!
You are too injured to fight recklessly!
You hit the orc wizard.
You kick the orc wizard, but do no damage.
The orc wizard is moderately wounded.
The orc wizard hits you but does no damage.
You closely miss the orc wizard.
The orc wizard is moderately wounded.
The orc wizard barely misses you.
You hit the orc wizard.
The orc wizard is heavily wounded.
The orc wizard hits you with a dagger.
* * * LOW HITPOINT WARNING * * *
The orc priest mumbles some strange prayers to Beogh against you.
Beogh smites you!
You die...
Xom snickers!

#............# .(..
#######.....#####....
#...# #.............#
#+#.###.............+ .
....................##..
........................
.....................###
.......#####........?...
.......# #......@.......
.......# #.....o####....
######## #.....h####....
###### #....!o.).h....
.....# #..[..†).......
.....# #.....†.....###
.....# #......†....#
.....###########.....#
........>. #.......


You could see a hound, an orc priest and an orc wizard.

Vanquished Creatures
  A phantom (D:5)
  2 sky beasts
  2 ogres (D:6)
  A necrophage (D:6)
  A crimson imp (D:6)
  A giant frog zombie (D:5)
  An orc priest (D:4)
  A giant frog skeleton (D:4)
  2 hounds (D:5)
  3 orc wizards
  3 iguanas
  A worker ant (D:4)
  A gnoll (shapeshifter) (D:3)
  8 adders
  A shadow imp (D:5)
  An ooze (D:6)
  4 worms
  A dart slug (D:1)
  2 giant geckos
  20 orcs
  3 giant cockroaches
  8 goblins
  5 hobgoblins
  8 jackals
  11 kobolds
  A quokka (shapeshifter) (D:5)
  2 quokkas
  2 ball pythons
  9 bats
  3 giant newts
  A quokka skeleton (D:5)
  18 rats
128 creatures vanquished.

Vanquished Creatures (collateral kills)
  A hungry ghost (D:5)
  A big kobold (Sewer)
  A hound (D:4)
  A giant frog skeleton (D:5)
4 creatures vanquished.

Vanquished Creatures (others)
  A jackal (D:5)
1 creature vanquished.

Grand Total: 133 creatures vanquished

Notes
Turn   | Place    | Note
--------------------------------------------------------------
     0 | D:1      | epen the Draconian Chaos Knight began the quest for the Orb.
     0 | D:1      | Reached XP level 1. HP: 19/19 MP: 1/1
    20 | D:1      | XOM: potion effect (invisibility)
    33 | D:1      | XOM: harmless Fire miscast
   145 | D:1      | Reached XP level 2. HP: 25/26 MP: 2/2
   165 | D:1      | XOM: harmless Conj miscast
   181 | D:1      | XOM: divination: magic mapping
   270 | D:1      | XOM: divination: magic mapping
   323 | D:1      | XOM is BORED!
   323 | D:1      | XOM: harmless Fire miscast
   329 | D:1      | XOM: harmless Air miscast
   350 | D:1      | XOM: harmless Summ miscast
   441 | D:1      | XOM: potion effect (brilliance)
   499 | D:1      | XOM: colour smoke trail
   728 | D:2      | Reached XP level 3. HP: 33/33 MP: 3/3
  1022 | D:2      | XOM: scenery: 1 doors close
  1264 | D:2      | Found an opulent altar of Gozag.
  1286 | D:2      | Found a shimmering altar of Xom.
  1286 | D:2      | Found a burning altar of Makhleb.
  1546 | D:2      | XOM is BORED!
  1546 | D:2      | XOM: harmless Tloc miscast
  1594 | D:3      | Reached XP level 4. HP: 40/40 MP: 4/4
  1609 | D:3      | Reached skill level 1 in Stealth
  2080 | D:4      | Reached skill level 3 in Dodging
  2080 | D:4      | Reached XP level 5. HP: 35/47 MP: 5/5
  2181 | D:4      | XOM: smoke on damage
  2206 | D:4      | XOM: harmless Pois miscast
  2226 | D:4      | XOM: polymorph worm -> hound
  2232 | D:4      | XOM: summons friendly white imp
  2246 | D:4      | XOM: god gift: notched emerald ring {god gift}
  2558 | D:4      | XOM: confuse monster(s)
  2587 | D:4      | XOM: summons friendly white imp
  2903 | D:4      | Found a glowing silver altar of Zin.
  2904 | D:4      | Found a white marble altar of Elyvilon.
  2904 | D:4      | Found a glowing golden altar of the Shining One.
  2914 | D:4      | XOM: polymorph howler monkey -> iguana
  2946 | D:4      | Reached XP level 6. HP: 43/53 MP: 6/6
  3064 | D:4      | XOM: summons friendly crimson imp
  3155 | D:4      | XOM: polymorph crimson imp -> iron imp
  3169 | D:4      | XOM: god gift: 5 bolts
  3174 | D:4      | XOM: scenery: create altars
  3240 | D:4      | XOM: give mutations
  3240 | D:4      | Gained mutation: You are agile. (Dex +2) [Xom's grace]
  3240 | D:4      | Gained mutation: You have a pair of small antennae on your head. [Xom's grace]
  3240 | D:4      | Gained mutation: Your tail ends in a poisonous barb. [Xom's grace]
  3240 | D:4      | Gained mutation: You have a pair of antennae on your head. [Xom's grace]
  3270 | D:4      | XOM: give mutations
  3270 | D:4      | Gained mutation: You have large cloven feet. [Xom's grace]
  3270 | D:4      | Gained mutation: Your large and strong wings let you fly indefinitely. [Xom's grace]
  3270 | D:4      | Gained mutation: You have hoof-like feet. [Xom's grace]
  3437 | D:5      | Entered Level 5 of the Dungeon
  3446 | D:5      | Reached skill level 4 in Dodging
  3447 | D:5      | Noticed a hungry ghost
  3450 | D:5      | XOM: enchant monster (good)
  3630 | D:4      | XOM: give mutations
  3630 | D:4      | Gained mutation: You evolve. [Xom's grace]
  3630 | D:4      | Gained mutation: You have a pair of large antennae on your head (SInv). [Xom's grace]
  3630 | D:4      | Gained mutation: You have supernaturally acute eyesight. [Xom's grace]
  3630 | D:4      | Gained mutation: Your natural rate of healing is unusually fast. [Xom's grace]
  3745 | D:5      | XOM: 1-stop teleportation journey
  3748 | D:5      | XOM: polymorph worker ant -> hound
  3814 | D:5      | Found an oddly glowing altar of Pakellas.
  4102 | D:5      | XOM: 5-stop teleportation journey
  4126 | D:5      | Noticed a swamp drake
  4126 | D:5      | a centaur changed into a swamp drake
  4126 | D:5      | XOM: polymorph centaur -> swamp drake
  4156 | D:5      | XOM: divination: magic mapping
  4195 | D:5      | XOM: mild Summ miscast
  4308 | D:5      | Reached skill level 5 in Fighting
  4308 | D:5      | Your scales start taking on a glossy black colour.
  4308 | D:5      | Reached XP level 7. HP: 38/61 MP: 7/7
  4308 | D:5      | Gained mutation: You are resistant to electric shocks. [Black Draconian growth]
  4642 | D:5      | XOM: mild Erth miscast
  4672 | D:5      | XOM: potion effect (berserk rage)
  4691 | D:5      | XOM: cast spell 'Excruciating Wounds'
  4692 | D:5      | XOM: summons friendly ufetubus
  4696 | D:5      | Killed a hungry ghost
  4696 | D:5      | Reached skill level 5 in Short Blades
  4696 | D:5      | Reached skill level 5 in Dodging
  4733 | D:5      | Found a staircase to the Ecumenical Temple.
  4808 | D:5      | XOM: colour smoke trail
  4816 | D:5      | XOM: mild Ice miscast
  4834 | D:5      | XOM: harmless Fire miscast
  4890 | D:6      | XOM: scenery: create altars
  4894 | D:6      | Reached XP level 8. HP: 29/69 MP: 8/8
  4912 | D:6      | Reached skill level 6 in Dodging
  4950 | D:6      | XOM: harmless Ice miscast
  4963 | D:6      | Found a glowing drain.
  4975 | Sewer    | Entered a sewer
  5005 | Sewer    | XOM: vitrification
  5047 | Sewer    | XOM: 2-stop teleportation journey
  5077 | Sewer    | XOM: summons 3 friendly demons
  5107 | Sewer    | Found a white marble altar of Elyvilon.
  5239 | D:6      | XOM: harmless Tloc miscast
  5257 | D:6      | Killed from afar by an orc priest

Skill      XL: |  1  2  3  4  5  6  7  8 |
---------------+-------------------------+-----
Fighting       | 4 5 |  5.7
Stealth        | 1 2 3 4 |  4.0
Short Blades   | 4 5 |  5.6
Dodging        | 3 4 5 6 |  6.4

Action                   |  1- 3 |  4- 6 |  7- 9 || total
-------------------------+-------+-------+-------++-------
Melee: Short sword       |   129 |   285 |   141 ||   555
       Tailslap          |    10 |    30 |    20 ||    60
       Kick              |       |    39 |    49 ||    88
 Abil: Breathe Lightning |       |       |     3 ||     3
       Fly               |       |       |     1 ||     1
  Use: Scroll            |       |     8 |     7 ||    15
       Potion            |       |     3 |     2 ||     5
 Stab: Invisible         |     1 |       |       ||     1
       Sleeping          |     1 |     2 |     1 ||     4
       Paralysed         |     2 |     1 |     1 ||     4
       Petrifying        |       |     2 |       ||     2
       Confused          |       |     2 |       ||     2
       Distracted        |       |       |     1 ||     1
  Eat: Chunk             |     1 |     9 |     5 ||    15
       Fruit             |       |     1 |     1 ||     2
       Royal jelly       |       |     1 |       ||     1
Armor: Skin              |    43 |    83 |    30 ||   156
Dodge: Dodged            |    78 |   171 |   116 ||   365
